Senateurs vs Avalanche

Created - February 3, 2020 at 19:13

Goals
1 2 3 T
Senateurs 0 1 0 1
Avalanche 1 1 0 2
Shots
1 2 3 T
Senateurs 4 10 6 20
Avalanche 11 8 7 26

1st period

1. Avalanche , Matt Moulson 6 (Dmitry Kulikov 16) at 17:29

Penalties :
No Penalty

2nd period

2. Avalanche , Mikkel Boedker 14 (Bryan Little 27) at 6:17 (PP)
3. Senateurs , Daniel Briere 13 (Dion Phaneuf 32, Cody Franson 19) at 14:32

Penalties :
Dion Phaneuf (Ott) for Holding Stick (Minor) at 0:40, Radim Vrbata (Ott) for Goalie Interference (Minor) at 6:05, Dmitry Kulikov (Col) for Hooking (Minor) at 7:37, Cody Franson (Ott) for Hooking (Minor) at 12:11, Jack Johnson (Col) for Tripping (Minor) at 14:56, Sergei Kostitsyn (Ott) for Slashing (Minor) at 17:01

3rd period

No Goal

Penalties :
Bryan Little (Col) for Roughing (Minor) at 0:23, Mikkel Boedker (Col) for Hooking (Minor) at 7:01, Radim Vrbata (Ott) for Holding (Minor) at 11:43, Colby Armstrong (Ott) for High sticking (Minor) at 17:32

Goalie Stats

Ondrej Pavelec (Ott), 24 saves from 26 shots - (0.923), L, 21-9-5, 59:45 minutes
Semyon Varlamov (Col), 19 saves from 20 shots - (0.950), W, 19-14-1, 60:00 minutes

Players Stats for Senateurs

Player Name              G  A  P  +/- PIM S  H  SB GA TA FO     MP     PP MP  PK MP  
------------------------------------------------------------------------------------
Carlo Colaiacovo         0  0  0   0  0   2  0  1  0  0  0/0    16:05   0:00   2:41 
Cody Franson             0  1  1   1  2   1  1  1  0  1  0/0    26:07   4:30   4:54 
Colby Armstrong          0  0  0   0  2   0  1  1  0  0  0/0    14:08   3:42   0:00 
Daniel Briere            1  0  1   1  0   4  2  1  1  3  3/3    13:31   0:00   3:03 
Daniel Sedin             0  0  0   0  0   1  0  3  0  0  0/0    14:02   3:42   0:00 
Dion Phaneuf             0  1  1   1  2   2  1  3  1  2  0/0    26:36   4:30   5:19 
Duncan Keith             0  0  0   0  0   1  1  1  0  0  0/0    19:16   3:26   3:39 
Evgeni Malkin            0  0  0   0  0   2  1  0  0  1  4/8    19:24   3:42   5:39 
Jamie Benn               0  0  0  -1  0   0  1  1  1  0  1/1    19:44   4:10   1:54 
Mark Giordano            0  0  0  -1  0   0  0  3  1  0  0/0    13:34   0:00   0:32 
Michel Ouellet           0  0  0   0  0   1  0  1  0  0  0/0     7:14   0:04   0:00 
Nate Prosser             0  0  0   0  0   0  3  1  0  0  0/0    18:46   3:26   3:09 
Phil Kessel              0  0  0   0  0   3  2  1  2  0  0/1    20:30   4:10   2:28 
Radim Vrbata             0  0  0   0  4   0  0  1  0  0  0/1    11:45   0:00   1:23 
Ryan Hollweg             0  0  0   0  0   0  1  0  0  0  1/1     7:35   0:04   0:00 
Sergei Kostitsyn         0  0  0   0  2   0  0  2  0  0  0/1    10:51   0:04   0:00 
Sidney Crosby            0  0  0  -1  0   2  0  2  1  0  13/28  23:02   4:10   5:36 
Stephane Da Costa        0  0  0   0  0   1  0  0  0  0  1/4     7:37   0:00   0:11 

Players Stats for Avalanche

Player Name              G  A  P  +/- PIM S  H  SB GA TA FO     MP     PP MP  PK MP  
------------------------------------------------------------------------------------
Alexander Radulov        0  0  0   0  0   3  2  0  1  0  0/0    16:50   4:26   0:00 
Andrei Kostitsyn         0  0  0   0  0   4  0  0  0  0  0/0    18:24   4:26   1:34 
Andrew Ladd              0  0  0  -1  0   1  0  0  0  0  1/1    12:51   0:17   4:00 
Brad Richardson          0  0  0  -1  0   3  1  0  0  0  0/0    10:41   0:00   1:47 
Bryan Little             0  1  1   0  2   1  1  0  1  0  7/19   18:00   5:35   0:00 
Charlie Coyle            0  0  0  -1  0   0  1  0  0  1  7/9    11:33   0:00   4:02 
Danny Richmond           0  0  0   1  0   0  1  1  0  3  0/0    19:12   4:15   3:02 
Darren Reid              0  0  0   1  0   1  2  0  0  0  1/1    11:42   0:00   2:10 
Dmitry Kulikov           0  1  1   0  2   0  0  0  0  0  0/0    18:22   4:15   0:05 
Erik Karlsson            0  0  0   0  0   0  0  0  2  0  0/0    23:03   5:52   0:49 
Jack Johnson             0  0  0  -1  2   1  3  2  1  0  0/0    25:52   5:52   3:40 
Kyle Turris              0  0  0   1  0   1  2  0  0  0  0/2    11:27   0:00   2:19 
Marc Staal               0  0  0  -1  0   1  1  0  0  2  0/0    18:29   0:00   4:49 
Matt Moulson             1  0  1   1  0   2  0  0  1  0  0/0     9:13   0:06   0:00 
Mattias Ekholm           0  0  0   1  0   0  2  0  1  1  0/0    15:07   0:00   3:27 
Mikkel Boedker           1  0  1   0  2   4  3  0  0  0  0/0    17:22   5:30   0:00 
Patric Hornqvist         0  0  0   0  0   2  1  0  0  0  1/1    17:02   5:35   0:00 
Paul Stastny             0  0  0   0  0   2  1  0  0  0  8/15   16:50   4:26   0:00 

3 Stars

1 - Daniel Briere (Ott)
2 - Matt Moulson (Col)
3 - Semyon Varlamov (Col)

Power Play

Senateurs - 0 on 4 Attempt(s) - 0.00%
Avalanche - 1 on 6 Attempt(s) - 16.67%

Penalty Kill

Senateurs - 5 on 6 Attempt(s) - 83.33% - Score 0 goal in Penalty Kill
Avalanche - 4 on 4 Attempt(s) - 100.00% - Score 0 goal in Penalty Kill

Team Stat

Senateurs - Hits : 14 - Faceoff Wins : 23 - Blocked Shots : 23 - Penalty Minutes : 12
Avalanche - Hits : 21 - Faceoff Wins : 25 - Blocked Shots : 3 - Penalty Minutes : 8

Official

Referees : Unknown
Linesman : Unknown

Game Notes

No Game Note

Finance

Level 1 -- Attendance: 5671 (94.52%) -- Ticket Income $504,719
Level 2 -- Attendance: 4957 (99.14%) -- Ticket Income $272,635
Level 3 -- Attendance: 2000 (100.00%) -- Ticket Income $66,000
Level 4 -- Attendance: 3745 (93.63%) -- Ticket Income $86,135
Luxury Box -- Attendance: 950 (95.00%) -- Ticket Income $163,400
Game was played at the Pepsi Center.
Total Attendance: 17323 (96.24%)
Total Ticket Income: $1,092,889
Other Income: $163,933
Total Income: $1,256,822

Senateurs

5 vs 5 Forward 
   Center                   Left Wing                Right Wing               Time % Phy DF OF 
 1 Sidney Crosby            Jamie Benn               Phil Kessel              40     1   2  2  
 2 Evgeni Malkin            Daniel Sedin             Colby Armstrong          30     1   2  2  
 3 Daniel Briere            Sergei Kostitsyn         Radim Vrbata             20     1   2  2  
 4 Stephane Da Costa        Ryan Hollweg             Michel Ouellet           10     1   2  2  

5 vs 5 Defense 
   Defense                  Defense                                           Time % Phy DF OF 
 1 Dion Phaneuf             Cody Franson                                      40     1   2  2  
 2 Duncan Keith             Nate Prosser                                      30     1   2  2  
 3 Mark Giordano            Carlo Colaiacovo                                  20     1   2  2  
 4 Dion Phaneuf             Cody Franson                                      10     1   2  2  

PowerPlay Forward 
   Center                   Left Wing                Right Wing               Time % Phy DF OF 
 1 Sidney Crosby            Jamie Benn               Phil Kessel              60     1   2  2  
 2 Evgeni Malkin            Daniel Sedin             Colby Armstrong          40     1   2  2  

PowerPlay Defense
   Defense                  Defense                                           Time % Phy DF OF 
 1 Dion Phaneuf             Cody Franson                                      60     1   2  2  
 2 Duncan Keith             Nate Prosser                                      40     1   2  2  

Penalty Kill 4 Players Forward 
   Center                   Wing                     Time % Phy DF OF 
 1 Sidney Crosby            Evgeni Malkin            60     1   2  2  
 2 Phil Kessel              Daniel Briere            40     1   2  2  

Penalty Kill 4 Players Defense
   Defense                  Defense                  Time % Phy DF OF 
 1 Dion Phaneuf             Cody Franson             60     1   2  2  
 2 Duncan Keith             Nate Prosser             40     1   2  2  

Penalty Kill - 3 Players Forward 
   Forward                                           Time % Phy DF OF 
 1 Sidney Crosby                                     60     1   2  2  
 2 Evgeni Malkin                                     40     1   2  2  

Penalty Kill - 3 Players Defense
   Defense                  Defense                  Time % Phy DF OF 
 1 Dion Phaneuf             Cody Franson             60     1   2  2  
 2 Duncan Keith             Nate Prosser             40     1   2  2  

4 vs 4 Forward 
   Center                   Wing                     Time % Phy DF OF 
 1 Sidney Crosby            Evgeni Malkin            60     1   2  2  
 2 Phil Kessel              Daniel Briere            40     1   2  2  

4 vs 4 Defense
   Defense                  Defense                  Time % Phy DF OF 
 1 Dion Phaneuf             Cody Franson             60     1   2  2  
 2 Duncan Keith             Nate Prosser             40     1   2  2  

Last Minutes Offensive
   Center                   Left Wing                Right Wing               Defense                  Defense                  
   Sidney Crosby            Jamie Benn               Phil Kessel              Dion Phaneuf             Cody Franson             

Last Minutes Defensive
   Center                   Left Wing                Right Wing               Defense                  Defense                  
   Sidney Crosby            Jamie Benn               Phil Kessel              Dion Phaneuf             Cody Franson             

Goaltenders
Starting : Ondrej Pavelec           
Backup : Roberto Luongo           

Extra Forwards
Normal : Sergei Kostitsyn, Ryan Hollweg, Radim Vrbata - PP : Sergei Kostitsyn, Ryan Hollweg - PK : Radim Vrbata
Extra Defensemen
Normal : Mark Giordano, Carlo Colaiacovo, Duncan Keith - PP : Mark Giordano - PK : Carlo Colaiacovo, Duncan Keith
Penalty Shots
Sidney Crosby, Evgeni Malkin, Phil Kessel, Daniel Briere, Jamie Benn

Scratches
Chris Kunitz (Healthy), Arturs Kulda (Healthy)

Avalanche

5 vs 5 Forward 
   Center                   Left Wing                Right Wing               Time % Phy DF OF 
 1 Bryan Little             Mikkel Boedker           Patric Hornqvist         35     1   2  2  
 2 Paul Stastny             Andrei Kostitsyn         Alexander Radulov        35     1   2  2  
 3 Charlie Coyle            Andrew Ladd              Brad Richardson          15     1   2  2  
 4 Kyle Turris              Matt Moulson             Darren Reid              15     1   2  2  

5 vs 5 Defense 
   Defense                  Defense                                           Time % Phy DF OF 
 1 Jack Johnson             Erik Karlsson                                     37     1   2  2  
 2 Marc Staal               Dmitry Kulikov                                    36     1   2  2  
 3 Danny Richmond           Mattias Ekholm                                    27     1   2  2  
 4 Jack Johnson             Marc Staal                                        0      1   2  2  

PowerPlay Forward 
   Center                   Left Wing                Right Wing               Time % Phy DF OF 
 1 Bryan Little             Mikkel Boedker           Patric Hornqvist         60     1   2  2  
 2 Paul Stastny             Andrei Kostitsyn         Alexander Radulov        40     1   2  2  

PowerPlay Defense
   Defense                  Defense                                           Time % Phy DF OF 
 1 Jack Johnson             Erik Karlsson                                     60     1   2  2  
 2 Danny Richmond           Dmitry Kulikov                                    40     1   2  2  

Penalty Kill 4 Players Forward 
   Center                   Wing                     Time % Phy DF OF 
 1 Charlie Coyle            Andrew Ladd              60     1   2  2  
 2 Kyle Turris              Darren Reid              40     1   2  2  

Penalty Kill 4 Players Defense
   Defense                  Defense                  Time % Phy DF OF 
 1 Jack Johnson             Marc Staal               60     1   2  2  
 2 Mattias Ekholm           Danny Richmond           40     1   2  2  

Penalty Kill - 3 Players Forward 
   Forward                                           Time % Phy DF OF 
 1 Mikkel Boedker                                    60     1   2  2  
 2 Bryan Little                                      40     1   2  2  

Penalty Kill - 3 Players Defense
   Defense                  Defense                  Time % Phy DF OF 
 1 Jack Johnson             Marc Staal               60     1   2  2  
 2 Erik Karlsson            Danny Richmond           40     1   2  2  

4 vs 4 Forward 
   Center                   Wing                     Time % Phy DF OF 
 1 Mikkel Boedker           Bryan Little             60     1   2  2  
 2 Patric Hornqvist         Paul Stastny             40     1   2  2  

4 vs 4 Defense
   Defense                  Defense                  Time % Phy DF OF 
 1 Jack Johnson             Marc Staal               60     1   2  2  
 2 Erik Karlsson            Danny Richmond           40     1   2  2  

Last Minutes Offensive
   Center                   Left Wing                Right Wing               Defense                  Defense                  
   Bryan Little             Mikkel Boedker           Patric Hornqvist         Jack Johnson             Erik Karlsson            

Last Minutes Defensive
   Center                   Left Wing                Right Wing               Defense                  Defense                  
   Bryan Little             Mikkel Boedker           Patric Hornqvist         Jack Johnson             Marc Staal               

Goaltenders
Starting : Semyon Varlamov          
Backup : Mike Brodeur             

Extra Forwards
Normal : Andrew Ladd, Matt Moulson, Brad Richardson - PP : Andrew Ladd, Matt Moulson - PK : Brad Richardson
Extra Defensemen
Normal : Dmitry Kulikov, Mattias Ekholm, Erik Karlsson - PP : Dmitry Kulikov - PK : Mattias Ekholm, Erik Karlsson
Penalty Shots
Mikkel Boedker, Bryan Little, Patric Hornqvist, Paul Stastny, Andrei Kostitsyn

Scratches
None


% Time on Ice - Senateurs

Lines # - Real PCT - Wanted PCT - Time Play
Normal Forward
1 - 33% - 40% - 13:48
2 - 26% - 30% - 10:42
3 - 24% - 20% - 10:02
4 - 17% - 10% - 7:04
Normal Defense
1 - 37% - 40% - 15:17
2 - 28% - 30% - 11:50
3 - 31% - 20% - 12:58
4 - 4% - 10% - 1:31
PP Forward
1 - 53% - 60% - 4:14
2 - 47% - 40% - 3:42
PP Defense
1 - 57% - 60% - 4:30
2 - 43% - 40% - 3:26
PK Forward
1 - 76% - 60% - 7:39
2 - 24% - 40% - 2:28
PK Defense
1 - 69% - 60% - 6:58
2 - 31% - 40% - 3:09
PK3 Forward
1 - 0% - 60%
2 - 0% - 40%
PK3 Defense
1 - 0% - 60%
2 - 0% - 40%
44 Forward
1 - 0% - 60%
2 - 0% - 40%
44 Defense
1 - 0% - 60%
2 - 0% - 40%
Last Minute Offensive  - 0:21
Last Minute Defensive  - 0:00
Total
Forward - 60:00
Defense - 60:00

% Time on Ice - Avalanche

Lines # - Real PCT - Wanted PCT - Time Play
Normal Forward
1 - 31% - 35% - 12:53
2 - 31% - 35% - 12:53
3 - 17% - 15% - 7:08
4 - 21% - 15% - 8:39
Normal Defense
1 - 38% - 37% - 15:37
2 - 37% - 36% - 15:19
3 - 25% - 27% - 10:17
4 - 1% - 0% - 0:20
PP Forward
1 - 56% - 60% - 5:41
2 - 44% - 40% - 4:26
PP Defense
1 - 58% - 60% - 5:52
2 - 42% - 40% - 4:15
PK Forward
1 - 73% - 60% - 5:46
2 - 27% - 40% - 2:10
PK Defense
1 - 63% - 60% - 5:02
2 - 37% - 40% - 2:54
PK3 Forward
1 - 0% - 60%
2 - 0% - 40%
PK3 Defense
1 - 0% - 60%
2 - 0% - 40%
44 Forward
1 - 0% - 60%
2 - 0% - 40%
44 Defense
1 - 0% - 60%
2 - 0% - 40%
Last Minute Offensive  - 0:00
Last Minute Defensive  - 0:24
Total
Forward - 60:00
Defense - 60:00

Play-by-Play

1st period


0:01 of 1st period - Bryan Little wins face-off versus Phil Kessel in neutral zone.
1:15 of 1st period - Snap shot by Ryan Hollweg.
1:15 of 1st period - Shot Misses the Net.
2:09 of 1st period - Icing by Duncan Keith.
2:10 of 1st period - Charlie Coyle wins face-off versus Sergei Kostitsyn in Senateurs zone.
2:13 of 1st period - Slapshot by Brad Richardson.
2:13 of 1st period - Deflect By Nate Prosser.
2:13 of 1st period - Stopped by Ondrej Pavelec with a rebound.
2:15 of 1st period - Snap shot by Brad Richardson.
2:15 of 1st period - Stopped by Ondrej Pavelec with a rebound.
2:17 of 1st period - Snap shot by Mattias Ekholm.
2:17 of 1st period - Deflect By Brad Richardson.
2:17 of 1st period - Shot Misses the Net.
2:17 of 1st period - Puck is out of play.
2:18 of 1st period - Sidney Crosby wins face-off versus Paul Stastny in Senateurs zone.
2:56 of 1st period - Wrist shot by Mikkel Boedker.
2:56 of 1st period - Stopped by Ondrej Pavelec without a rebound.
2:57 of 1st period - Daniel Briere wins face-off versus Kyle Turris in Senateurs zone.
3:12 of 1st period - Wrist shot by Jack Johnson.
3:12 of 1st period - Shot Misses the Net.
3:38 of 1st period - Snap shot by Phil Kessel.
3:38 of 1st period - Stopped by Semyon Varlamov with a rebound.
3:54 of 1st period - Snap shot by Paul Stastny.
3:54 of 1st period - Shot Misses the Net.
4:00 of 1st period - Wrist shot by Paul Stastny.
4:00 of 1st period - Shot Blocked by Dion Phaneuf.
4:51 of 1st period - Off-side.
4:52 of 1st period - Bryan Little wins face-off versus Sidney Crosby in neutral zone.
5:21 of 1st period - Snap shot by Bryan Little.
5:21 of 1st period - Shot Blocked by Colby Armstrong.
5:41 of 1st period - Slapshot by Jack Johnson.
5:41 of 1st period - Deflect By Charlie Coyle.
5:41 of 1st period - Shot Blocked by Michel Ouellet.
5:41 of 1st period - Puck is out of play.
5:42 of 1st period - Charlie Coyle wins face-off versus Stephane Da Costa in Senateurs zone.
5:51 of 1st period - Slapshot by Stephane Da Costa.
5:51 of 1st period - Stopped by Semyon Varlamov with a rebound.
6:13 of 1st period - Snap shot by Dion Phaneuf.
6:13 of 1st period - Stopped by Semyon Varlamov with a rebound.
6:39 of 1st period - Wrist shot by Matt Moulson.
6:39 of 1st period - Shot Blocked by Dion Phaneuf.
6:41 of 1st period - Snap shot by Matt Moulson.
6:41 of 1st period - Deflect By Kyle Turris.
6:41 of 1st period - Shot Misses the Net.
6:41 of 1st period - Puck is out of play.
6:42 of 1st period - Darren Reid wins face-off versus Sidney Crosby in Senateurs zone.
6:43 of 1st period - Snap shot by Kyle Turris.
6:43 of 1st period - Stopped by Ondrej Pavelec with a rebound.
8:10 of 1st period - Wrist shot by Matt Moulson.
8:10 of 1st period - Stopped by Ondrej Pavelec without a rebound.
8:11 of 1st period - Daniel Briere wins face-off versus Kyle Turris in Senateurs zone.
8:35 of 1st period - Jamie Benn is hit by Darren Reid and loses puck.
8:48 of 1st period - Marc Staal is hit by Phil Kessel and loses puck.
9:03 of 1st period - Nate Prosser is hit by Marc Staal and loses puck.
10:00 of 1st period - Wrist shot by Sidney Crosby.
10:00 of 1st period - Stopped by Semyon Varlamov without a rebound.
10:01 of 1st period - Paul Stastny wins face-off versus Evgeni Malkin in Avalanche zone.
11:27 of 1st period - Snap shot by Bryan Little.
11:27 of 1st period - Shot Misses the Net.
11:29 of 1st period - Slapshot by Patric Hornqvist.
11:29 of 1st period - Stopped by Ondrej Pavelec without a rebound.
11:30 of 1st period - Ryan Hollweg wins face-off versus Bryan Little in Senateurs zone.
11:35 of 1st period - Snap shot by Mikkel Boedker.
11:35 of 1st period - Stopped by Ondrej Pavelec without a rebound.
11:36 of 1st period - Stephane Da Costa wins face-off versus Paul Stastny in Senateurs zone.
11:53 of 1st period - Snap shot by Alexander Radulov.
11:53 of 1st period - Deflect By Paul Stastny.
11:53 of 1st period - Shot Misses the Net.
11:53 of 1st period - Puck is out of play.
11:54 of 1st period - Jamie Benn wins face-off versus Bryan Little in Senateurs zone.
11:54 of 1st period - Jamie Benn is hit by Jack Johnson.
12:20 of 1st period - Jack Johnson is hit by Evgeni Malkin and loses puck.
12:29 of 1st period - Carlo Colaiacovo is hit by Paul Stastny.
12:53 of 1st period - Mark Giordano is hit by Charlie Coyle and loses puck.
13:29 of 1st period - Wrist shot by Bryan Little.
13:29 of 1st period - Shot Misses the Net.
13:37 of 1st period - Bryan Little is hit by Phil Kessel and loses puck.
13:56 of 1st period - Wrist shot by Paul Stastny.
13:56 of 1st period - Shot Blocked by Daniel Sedin.
13:58 of 1st period - Wrist shot by Danny Richmond.
13:58 of 1st period - Deflect By Alexander Radulov.
13:58 of 1st period - Stopped by Ondrej Pavelec without a rebound.
13:59 of 1st period - Sidney Crosby wins face-off versus Bryan Little in Senateurs zone.
13:59 of 1st period - Sidney Crosby is hit by Bryan Little.
14:35 of 1st period - Wrist shot by Alexander Radulov.
14:35 of 1st period - Shot Blocked by Daniel Sedin.
14:37 of 1st period - Snap shot by Andrei Kostitsyn.
14:37 of 1st period - Shot Misses the Net.
14:39 of 1st period - Snap shot by Paul Stastny.
14:39 of 1st period - Shot Blocked by Nate Prosser.
16:23 of 1st period - Snap shot by Daniel Briere.
16:23 of 1st period - Shot Misses the Net.
17:07 of 1st period - Mark Giordano is hit by Mattias Ekholm and loses puck.
17:24 of 1st period - Jamie Benn is hit by Darren Reid and loses puck.
17:29 of 1st period - Wrist shot by Matt Moulson.
17:29 of 1st period - Goal by Matt Moulson - Senateurs : 0 - Avalanche : 1.
17:30 of 1st period - Evgeni Malkin wins face-off versus Paul Stastny in neutral zone.
17:45 of 1st period - Wrist shot by Andrei Kostitsyn.
17:45 of 1st period - Stopped by Ondrej Pavelec with a rebound.
18:28 of 1st period - Off-side.
18:29 of 1st period - Sidney Crosby wins face-off versus Paul Stastny in neutral zone.
18:55 of 1st period - Marc Staal is hit by Duncan Keith and loses puck.
19:22 of 1st period - Charlie Coyle is hit by Daniel Briere and loses puck.
19:47 of 1st period - Slapshot by Paul Stastny.
19:47 of 1st period - Stopped by Ondrej Pavelec with a rebound.
Goals for this period are 0 for Senateurs vs 1 for Avalanche.
Shots for this period are 4 for Senateurs vs 11 for Avalanche.

2nd period


0:01 of 2nd period - Sidney Crosby wins face-off versus Paul Stastny in neutral zone.
0:16 of 2nd period - Snap shot by Phil Kessel.
0:16 of 2nd period - Stopped by Semyon Varlamov without a rebound.
0:17 of 2nd period - Bryan Little wins face-off versus Evgeni Malkin in Avalanche zone.
0:24 of 2nd period - Dion Phaneuf is hit by Patric Hornqvist and loses puck.
0:40 of 2nd period - Minor Penalty to Dion Phaneuf for Holding Stick.
0:41 of 2nd period - Evgeni Malkin wins face-off versus Bryan Little in Senateurs zone.
0:52 of 2nd period - Slapshot by Erik Karlsson.
0:52 of 2nd period - Shot Blocked by Sidney Crosby.
0:54 of 2nd period - Slapshot by Jack Johnson.
0:54 of 2nd period - Shot Misses the Net.
1:30 of 2nd period - Bryan Little is hit by Daniel Briere and loses puck.
2:40 of 2nd period - Penalty to Dion Phaneuf is over, Dion Phaneuf is back on ice.
2:51 of 2nd period - Snap shot by Michel Ouellet.
2:51 of 2nd period - Stopped by Semyon Varlamov without a rebound.
2:52 of 2nd period - Charlie Coyle wins face-off versus Stephane Da Costa in Avalanche zone.
3:07 of 2nd period - Slapshot by Michel Ouellet.
3:07 of 2nd period - Shot Misses the Net.
6:05 of 2nd period - Minor Penalty to Radim Vrbata for Goalie Interference.
6:06 of 2nd period - Bryan Little wins face-off versus Sidney Crosby in Senateurs zone.
6:17 of 2nd period - Snap shot by Mikkel Boedker.
6:17 of 2nd period - Goal by Mikkel Boedker - Senateurs : 0 - Avalanche : 2.
6:18 of 2nd period - Sidney Crosby wins face-off versus Bryan Little in neutral zone.
6:49 of 2nd period - Wrist shot by Andrei Kostitsyn.
6:49 of 2nd period - Deflect By Alexander Radulov.
6:49 of 2nd period - Stopped by Ondrej Pavelec without a rebound.
6:50 of 2nd period - Evgeni Malkin wins face-off versus Paul Stastny in Senateurs zone.
7:03 of 2nd period - Backhand shot by Daniel Sedin.
7:03 of 2nd period - Stopped by Semyon Varlamov with a rebound.
7:15 of 2nd period - Paul Stastny is hit by Nate Prosser and loses puck.
7:37 of 2nd period - Minor Penalty to Dmitry Kulikov for Hooking.
7:38 of 2nd period - Charlie Coyle wins face-off versus Sidney Crosby in Avalanche zone.
7:38 of 2nd period - Charlie Coyle is hit by Cody Franson.
9:09 of 2nd period - Cody Franson is hit by Brad Richardson and loses puck.
9:37 of 2nd period - Penalty to Dmitry Kulikov is over, Dmitry Kulikov is back on ice.
9:46 of 2nd period - Daniel Sedin is hit by Mikkel Boedker and loses puck.
10:50 of 2nd period - Wrist shot by Mikkel Boedker.
10:50 of 2nd period - Shot Misses the Net.
11:21 of 2nd period - Wrist shot by Alexander Radulov.
11:21 of 2nd period - Stopped by Ondrej Pavelec with a rebound.
11:37 of 2nd period - Wrist shot by Matt Moulson.
11:37 of 2nd period - Shot Misses the Net.
11:39 of 2nd period - Wrist shot by Darren Reid.
11:39 of 2nd period - Stopped by Ondrej Pavelec without a rebound.
11:40 of 2nd period - Bryan Little wins face-off versus Evgeni Malkin in Senateurs zone.
11:41 of 2nd period - Snap shot by Mikkel Boedker.
11:41 of 2nd period - Stopped by Ondrej Pavelec without a rebound.
11:42 of 2nd period - Patric Hornqvist wins face-off versus Sidney Crosby in Senateurs zone.
11:45 of 2nd period - Slapshot by Bryan Little.
11:45 of 2nd period - Stopped by Ondrej Pavelec without a rebound.
11:46 of 2nd period - Sidney Crosby wins face-off versus Bryan Little in Senateurs zone.
11:46 of 2nd period - Sidney Crosby is hit by Mikkel Boedker.
12:11 of 2nd period - Minor Penalty to Cody Franson for Hooking.
12:12 of 2nd period - Sidney Crosby wins face-off versus Bryan Little in Senateurs zone.
13:17 of 2nd period - Slapshot by Dion Phaneuf.
13:17 of 2nd period - Stopped by Semyon Varlamov without a rebound.
13:18 of 2nd period - Paul Stastny wins face-off versus Radim Vrbata in Avalanche zone.
13:43 of 2nd period - Mikkel Boedker is hit by Nate Prosser and loses puck.
13:48 of 2nd period - Snap shot by Daniel Briere.
13:48 of 2nd period - Stopped by Semyon Varlamov with a rebound.
13:50 of 2nd period - Slapshot by Carlo Colaiacovo.
13:50 of 2nd period - Stopped by Semyon Varlamov without a rebound.
13:51 of 2nd period - Paul Stastny wins face-off versus Sidney Crosby in Avalanche zone.
14:11 of 2nd period - Penalty to Cody Franson is over, Cody Franson is back on ice.
14:18 of 2nd period - Slapshot by Marc Staal.
14:18 of 2nd period - Stopped by Ondrej Pavelec with a rebound.
14:30 of 2nd period - Wrist shot by Daniel Briere.
14:30 of 2nd period - Stopped by Semyon Varlamov with a rebound.
14:32 of 2nd period - Backhand shot by Daniel Briere.
14:32 of 2nd period - Goal by Daniel Briere - Senateurs : 1 - Avalanche : 2.
14:33 of 2nd period - Sidney Crosby wins face-off versus Paul Stastny in neutral zone.
14:36 of 2nd period - Backhand shot by Sidney Crosby.
14:36 of 2nd period - Stopped by Semyon Varlamov with a rebound.
14:56 of 2nd period - Minor Penalty to Jack Johnson for Tripping.
14:57 of 2nd period - Charlie Coyle wins face-off versus Sidney Crosby in Avalanche zone.
15:06 of 2nd period - Slapshot by Cody Franson.
15:06 of 2nd period - Shot Misses the Net.
15:08 of 2nd period - Slapshot by Cody Franson.
15:08 of 2nd period - Stopped by Semyon Varlamov with a rebound.
16:56 of 2nd period - Penalty to Jack Johnson is over, Jack Johnson is back on ice.
17:01 of 2nd period - Minor Penalty to Sergei Kostitsyn for Slashing.
17:02 of 2nd period - Bryan Little wins face-off versus Sidney Crosby in Senateurs zone.
17:04 of 2nd period - Wrist shot by Patric Hornqvist.
17:04 of 2nd period - Shot Misses the Net.
17:06 of 2nd period - Snap shot by Bryan Little.
17:06 of 2nd period - Shot Misses the Net.
17:08 of 2nd period - Slapshot by Jack Johnson.
17:08 of 2nd period - Stopped by Ondrej Pavelec without a rebound.
17:09 of 2nd period - Sidney Crosby wins face-off versus Bryan Little in Senateurs zone.
17:39 of 2nd period - Slapshot by Erik Karlsson.
17:39 of 2nd period - Shot Blocked by Dion Phaneuf.
17:41 of 2nd period - Snap shot by Mikkel Boedker.
17:41 of 2nd period - Shot Misses the Net.
17:43 of 2nd period - Slapshot by Jack Johnson.
17:43 of 2nd period - Deflect By Patric Hornqvist.
17:43 of 2nd period - Shot Misses the Net.
17:43 of 2nd period - Puck is out of play.
17:44 of 2nd period - Paul Stastny wins face-off versus Sidney Crosby in Senateurs zone.
19:01 of 2nd period - Penalty to Sergei Kostitsyn is over, Sergei Kostitsyn is back on ice.
19:40 of 2nd period - Radim Vrbata is hit by Kyle Turris and loses puck.
Goals for this period are 1 for Senateurs vs 1 for Avalanche.
Shots for this period are 10 for Senateurs vs 8 for Avalanche.

3rd period


0:01 of 3rd period - Sidney Crosby wins face-off versus Bryan Little in neutral zone.
0:17 of 3rd period - Wrist shot by Phil Kessel.
0:17 of 3rd period - Shot Misses the Net.
0:23 of 3rd period - Minor Penalty to Bryan Little for Roughing.
0:24 of 3rd period - Charlie Coyle wins face-off versus Sidney Crosby in Avalanche zone.
0:37 of 3rd period - Cody Franson is hit by Jack Johnson and loses puck.
2:23 of 3rd period - Penalty to Bryan Little is over, Bryan Little is back on ice.
2:29 of 3rd period - Snap shot by Danny Richmond.
2:29 of 3rd period - Shot Blocked by Sergei Kostitsyn.
2:31 of 3rd period - Slapshot by Andrew Ladd.
2:31 of 3rd period - Shot Misses the Net.
2:33 of 3rd period - Slapshot by Danny Richmond.
2:33 of 3rd period - Shot Blocked by Daniel Briere.
2:35 of 3rd period - Slapshot by Danny Richmond.
2:35 of 3rd period - Shot Blocked by Cody Franson.
2:37 of 3rd period - Wrist shot by Brad Richardson.
2:37 of 3rd period - Stopped by Ondrej Pavelec with a rebound.
3:19 of 3rd period - Snap shot by Daniel Briere.
3:19 of 3rd period - Stopped by Semyon Varlamov with a rebound.
3:27 of 3rd period - Slapshot by Dion Phaneuf.
3:27 of 3rd period - Shot Misses the Net.
3:33 of 3rd period - Dion Phaneuf is hit by Mattias Ekholm and loses puck.
3:38 of 3rd period - Snap shot by Bryan Little.
3:38 of 3rd period - Shot Blocked by Radim Vrbata.
3:40 of 3rd period - Slapshot by Andrew Ladd.
3:40 of 3rd period - Shot Misses the Net.
3:42 of 3rd period - Wrist shot by Bryan Little.
3:42 of 3rd period - Shot Hit the Post.
3:44 of 3rd period - Snap shot by Andrew Ladd.
3:44 of 3rd period - Stopped by Ondrej Pavelec without a rebound.
3:45 of 3rd period - Paul Stastny wins face-off versus Sidney Crosby in Senateurs zone.
3:58 of 3rd period - Slapshot by Alexander Radulov.
3:58 of 3rd period - Deflect By Andrei Kostitsyn.
3:58 of 3rd period - Stopped by Ondrej Pavelec with a rebound.
4:00 of 3rd period - Wrist shot by Erik Karlsson.
4:00 of 3rd period - Shot Blocked by Jamie Benn.
4:02 of 3rd period - Slapshot by Alexander Radulov.
4:02 of 3rd period - Shot Blocked by Duncan Keith.
4:12 of 3rd period - Darren Reid is hit by Colby Armstrong and loses puck.
4:17 of 3rd period - Snap shot by Evgeni Malkin.
4:17 of 3rd period - Shot Blocked by Jack Johnson.
4:43 of 3rd period - Wrist shot by Patric Hornqvist.
4:43 of 3rd period - Shot Blocked by Carlo Colaiacovo.
4:45 of 3rd period - Snap shot by Charlie Coyle.
4:45 of 3rd period - Shot Blocked by Sidney Crosby.
5:04 of 3rd period - Snap shot by Paul Stastny.
5:04 of 3rd period - Deflect By Andrei Kostitsyn.
5:04 of 3rd period - Shot Blocked by Mark Giordano.
5:04 of 3rd period - Puck is out of play.
5:05 of 3rd period - Paul Stastny wins face-off versus Stephane Da Costa in Senateurs zone.
5:06 of 3rd period - Wrist shot by Andrei Kostitsyn.
5:06 of 3rd period - Shot Misses the Net.
5:12 of 3rd period - Wrist shot by Andrei Kostitsyn.
5:12 of 3rd period - Stopped by Ondrej Pavelec with a rebound.
5:34 of 3rd period - Kyle Turris is hit by Nate Prosser and loses puck.
5:47 of 3rd period - Carlo Colaiacovo is hit by Kyle Turris and loses puck.
5:55 of 3rd period - Icing by Daniel Sedin.
5:56 of 3rd period - Bryan Little wins face-off versus Evgeni Malkin in Senateurs zone.
5:59 of 3rd period - Wrist shot by Mikkel Boedker.
5:59 of 3rd period - Shot Blocked by Mark Giordano.
6:01 of 3rd period - Wrist shot by Alexander Radulov.
6:01 of 3rd period - Shot Blocked by Mark Giordano.
6:07 of 3rd period - Snap shot by Paul Stastny.
6:07 of 3rd period - Shot Misses the Net.
6:09 of 3rd period - Snap shot by Andrei Kostitsyn.
6:09 of 3rd period - Deflect By Evgeni Malkin.
6:09 of 3rd period - Shot Misses the Net.
6:09 of 3rd period - Puck is out of play.
6:10 of 3rd period - Paul Stastny wins face-off versus Sidney Crosby in Senateurs zone.
6:13 of 3rd period - Wrist shot by Paul Stastny.
6:13 of 3rd period - Stopped by Ondrej Pavelec without a rebound.
6:14 of 3rd period - Paul Stastny wins face-off versus Sidney Crosby in Senateurs zone.
6:19 of 3rd period - Snap shot by Andrei Kostitsyn.
6:19 of 3rd period - Stopped by Ondrej Pavelec with a rebound.
6:43 of 3rd period - Slapshot by Jack Johnson.
6:43 of 3rd period - Shot Blocked by Daniel Sedin.
7:01 of 3rd period - Minor Penalty to Mikkel Boedker for Hooking.
7:02 of 3rd period - Sidney Crosby wins face-off versus Charlie Coyle in Avalanche zone.
9:01 of 3rd period - Penalty to Mikkel Boedker is over, Mikkel Boedker is back on ice.
9:18 of 3rd period - Wrist shot by Daniel Briere.
9:18 of 3rd period - Shot Misses the Net.
9:28 of 3rd period - Alexander Radulov is hit by Ryan Hollweg.
9:32 of 3rd period - Carlo Colaiacovo is hit by Alexander Radulov and loses puck.
9:50 of 3rd period - Off-side.
9:51 of 3rd period - Daniel Briere wins face-off versus Bryan Little in neutral zone.
10:03 of 3rd period - Snap shot by Bryan Little.
10:03 of 3rd period - Shot Misses the Net.
10:05 of 3rd period - Backhand shot by Mikkel Boedker.
10:05 of 3rd period - Shot Misses the Net.
10:20 of 3rd period - Jamie Benn is hit by Danny Richmond and loses puck.
10:35 of 3rd period - Slapshot by Evgeni Malkin.
10:35 of 3rd period - Shot Blocked by Danny Richmond.
10:37 of 3rd period - Slapshot by Evgeni Malkin.
10:37 of 3rd period - Stopped by Semyon Varlamov without a rebound.
10:38 of 3rd period - Evgeni Malkin wins face-off versus Charlie Coyle in Avalanche zone.
10:53 of 3rd period - Backhand shot by Evgeni Malkin.
10:53 of 3rd period - Stopped by Semyon Varlamov with a rebound.
11:35 of 3rd period - Slapshot by Patric Hornqvist.
11:35 of 3rd period - Stopped by Ondrej Pavelec with a rebound.
11:43 of 3rd period - Minor Penalty to Radim Vrbata for Holding.
11:44 of 3rd period - Sidney Crosby wins face-off versus Bryan Little in Senateurs zone.
12:01 of 3rd period - Snap shot by Mikkel Boedker.
12:01 of 3rd period - Shot Misses the Net.
12:17 of 3rd period - Dion Phaneuf is hit by Alexander Radulov and loses puck.
13:43 of 3rd period - Penalty to Radim Vrbata is over, Radim Vrbata is back on ice.
14:54 of 3rd period - Mark Giordano is hit by Mikkel Boedker and loses puck.
15:32 of 3rd period - Snap shot by Brad Richardson.
15:32 of 3rd period - Shot Misses the Net.
15:44 of 3rd period - Wrist shot by Andrew Ladd.
15:44 of 3rd period - Shot Blocked by Phil Kessel.
15:55 of 3rd period - Snap shot by Darren Reid.
15:55 of 3rd period - Shot Blocked by Sergei Kostitsyn.
16:06 of 3rd period - Mikkel Boedker is hit by Dion Phaneuf and loses puck.
16:31 of 3rd period - Wrist shot by Michel Ouellet.
16:31 of 3rd period - Shot Blocked by Jack Johnson.
16:33 of 3rd period - Slapshot by Carlo Colaiacovo.
16:33 of 3rd period - Stopped by Semyon Varlamov without a rebound.
16:34 of 3rd period - Andrew Ladd wins face-off versus Sidney Crosby in Avalanche zone.
16:38 of 3rd period - Off-side.
16:39 of 3rd period - Charlie Coyle wins face-off versus Sidney Crosby in neutral zone.
16:42 of 3rd period - Phil Kessel is hit by Jack Johnson and loses puck.
17:32 of 3rd period - Minor Penalty to Colby Armstrong for High sticking.
17:33 of 3rd period - Sidney Crosby wins face-off versus Bryan Little in Senateurs zone.
19:32 of 3rd period - Penalty to Colby Armstrong is over, Colby Armstrong is back on ice.
19:42 of 3rd period - Matt Moulson is hit by Jamie Benn and loses puck.
19:45 of 3rd period - Senateurs, Ondrej Pavelec is pulled from the net.
19:57 of 3rd period - Wrist shot by Phil Kessel.
19:57 of 3rd period - Stopped by Semyon Varlamov with a rebound.
19:59 of 3rd period - Slapshot by Duncan Keith.
19:59 of 3rd period - Deflect By Jack Johnson.
19:59 of 3rd period - Stopped by Semyon Varlamov with a rebound.
Goals for this period are 0 for Senateurs vs 0 for Avalanche.
Shots for this period are 6 for Senateurs vs 7 for Avalanche.